 Dungeon Crawl Stone Soup version 0.22.1-6-g1668fe2c40 (webtiles) character file.

901 Ishchenko the Skirmisher (level 8, -4/62 HPs)
             Began as a Human Fighter on Jan 18, 2019.
             Was a Priest of Makhleb.
             Slain by slartie's ghost (9 damage)
             ... on level 5 of the Dungeon.
             The game lasted 00:17:40 (4756 turns).

Ishchenko the Skirmisher (Human Fighter)            Turns: 4756, Time: 00:17:40

Health: -4/62      AC: 10    Str: 18    XL:     8   Next: 28%
Magic:  8/8        EV: 10    Int:  9    God:    Makhleb [***...]
Gold:   173        SH:  0    Dex: 13    Spells: 7/7 levels left

rFire    . . .     SeeInvis .   g - +4 scythe
rCold    . . .     Gourm    .   (shield currently unavailable)
rNeg     . . .     Faith    .   b - +0 scale mail
rPois    .         Spirit   .   (no helmet)
rElec    .         Reflect  .   l - +2 cloak
rCorr    .         Harm     .   (no gloves)
MR       +....                  (no boots)
Stlth    ..........             (no amulet)
HPRegen  0.20/turn              u - ring of protection from magic
MPRegen  0.11/turn              (no ring)

@: no status effects
A: no striking features
a: Minor Destruction, Lesser Servant of Makhleb, Renounce Religion


You were on level 5 of the Dungeon.
You worshipped Makhleb.
Makhleb was most pleased with you.
You were not hungry.

You visited 1 branch of the dungeon, and saw 5 of its levels.
You also visited: Ossuary.

You collected 173 gold pieces.

Inventory:

Hand Weapons
 a - a +0 long sword
 g - a +4 scythe (weapon)
Armour
 b - a +0 scale mail (worn)
 c - a +0 shield
 l - a +2 cloak (worn)
Jewellery
 u - a ring of protection from magic (left hand)
Wands
 w - a wand of acid (9)
Scrolls
 e - 3 scrolls of identify
 h - a scroll of enchant armour {unknown}
 i - 3 scrolls of blinking
 j - 7 scrolls of remove curse {unknown}
 k - 2 scrolls of fear {unknown}
 m - 3 scrolls of teleportation {unknown}
 o - 2 scrolls of amnesia {unknown}
 s - a scroll of enchant weapon {unknown}
Potions
 d - 4 potions of agility {unknown}
 n - 2 potions of cancellation {unknown}
 p - a potion of lignification {unknown}
 q - 2 potions of degeneration {unknown}
 r - 2 potions of ambrosia {unknown}
 t - a potion of flight {unknown}
Comestibles
 f - 12 rations
 v - a chunk of flesh


   Skills:
 + Level 5.1 Fighting
 + Level 3.8 Long Blades
 + Level 4.5 Polearms
 + Level 4.8 Armour
 + Level 1.7 Dodging
 + Level 1.0 Stealth
 + Level 3.8 Shields


You had 7 spell levels left.
You didn't know any spells.
Your spell library was empty.

Dungeon Overview and Level Annotations

Branches:
Dungeon (5/15)             Temple (0/1) D:4

Altars:
Ashenzari
Hepliaklqana
Makhleb
Ru

Annotations:
D:5 slartie's ghost, novice MiBe


Message History

You closely miss slartie's ghost.
Slartie's ghost is lightly damaged.
Slartie's ghost hits you but does no damage.
Slartie's ghost hits you!
* * * LOW HITPOINT WARNING * * *
You slash slartie's ghost!
Slartie's ghost is moderately damaged.
Slartie's ghost barely misses you. Slartie's ghost hits you.
* * * LOW HITPOINT WARNING * * *
You closely miss slartie's ghost.
Slartie's ghost is moderately damaged.
Slartie's ghost hits you but does no damage.
Slartie's ghost barely misses you.
You barely miss slartie's ghost.
Slartie's ghost is moderately damaged.
Slartie's ghost hits you but does no damage.
You hit slartie's ghost.
Slartie's ghost is heavily damaged.
Slartie's ghost hits you!
You die...

######### #.#.#.#.#
####### #.#.?...#
#...... ##.'...)##
#.####.
#..'...[.####.####.
#.[W....##....^.##.
#.@#Z....####.#.##.
#######..#.#.#.#
#.#.##.
#.....†..###
#<.[...
#.#####.....#
###.### #.# ##...##
#.# #.# #####
####.###
#.#############
#.......
#.............#
#.##.##.
#.>#####.)....#
#.##.##.


You could see slartie's ghost and a hound skeleton.

Vanquished Creatures
  Sigmund (D:2)
  A bullfrog (D:4)
  A howler monkey (D:5)
  2 centaur zombies (Ossuary)
  2 human zombies (Ossuary)
  A hound (D:5)
  An orc priest (D:4)
  A bullfrog skeleton (D:5)
  A centaur skeleton (D:4)
  2 orc wizards
  2 worker ants
  A big kobold zombie (Ossuary)
  A hound zombie (D:5)
  3 mummies
  A hound skeleton (D:4)
  A howler monkey skeleton (D:3)
  4 gnolls (D:4)
  3 adders
  2 adder zombies (Ossuary)
  2 oozes (D:2)
  4 worms
  4 dart slugs
  4 leopard geckos
  9 orcs
  5 bats
  3 giant cockroaches
  9 goblins
  6 hobgoblins
  3 jackals (D:1)
  3 quokkas
  A ball python (D:2)
  7 frilled lizards
  2 goblin zombies (Ossuary)
  8 hobgoblin zombies (Ossuary)
  10 kobolds
  9 kobold zombies
  12 orc zombies (Ossuary)
  5 rats (D:1)
  A rat zombie (Ossuary)
138 creatures vanquished.

Notes
Turn   | Place    | Note
-------+----------+-------------------------------------------
     0 | D:1      | Ishchenko the Human Fighter began the quest for the Orb.
     0 | D:1      | Reached XP level 1. HP: 18/18 MP: 1/1
   172 | D:1      | Reached XP level 2. HP: 16/24 MP: 2/2
   635 | D:1      | Reached XP level 3. HP: 29/29 MP: 3/3
  1261 | D:2      | Reached XP level 4. HP: 35/35 MP: 4/4
  1334 | D:2      | Found a faded altar of an unknown god.
  1385 | D:2      | Found a burning altar of Makhleb.
  1385 | D:2      | Noticed an Executioner
  1388 | D:2      | Noticed a neqoxec
  1388 | D:2      | Noticed a smoke demon
  1390 | D:2      | Became a worshipper of Makhleb the Destroyer
  1552 | D:2      | Found a shattered altar of Ashenzari.
  1552 | D:2      | Found a sacrificial altar of Ru.
  1762 | D:2      | Noticed Sigmund
  1773 | D:2      | Killed Sigmund
  1773 | D:2      | Reached XP level 5. HP: 39/42 MP: 5/5
  1773 | D:2      | Reached XP level 6. HP: 45/48 MP: 6/6
  2168 | D:3      | Reached skill level 1 in Stealth
  2359 | D:3      | Reached skill level 1 in Polearms
  3210 | D:3      | Reached * piety under Makhleb
  3262 | D:4      | Reached skill level 4 in Fighting
  3340 | D:4      | Found a sand-covered staircase.
  3343 | D:4      | Reached XP level 7. HP: 43/54 MP: 7/7
  3346 | Ossuary  | Entered an ossuary
  3422 | Ossuary  | Reached skill level 1 in Dodging
  3441 | Ossuary  | Reached ** piety under Makhleb
  4379 | D:4      | Reached XP level 8. HP: 57/61 MP: 8/8
  4524 | D:4      | Found a staircase to the Ecumenical Temple.
  4610 | D:5      | Entered Level 5 of the Dungeon
  4663 | D:5      | Found a hazy altar of Hepliaklqana.
  4726 | D:5      | Found a runed gate.
  4727 | D:5      | Noticed slartie's ghost (novice MiBe)
  4733 | D:5      | Reached skill level 5 in Fighting
  4734 | D:5      | Found a runed gate.
  4734 | D:5      | Found a runed gate.
  4744 | D:5      | Reached *** piety under Makhleb
  4756 | D:5      | Slain by slartie's ghost

Skill      XL: |  1  2  3  4  5  6  7  8 |
---------------+-------------------------+-----
Long Blades    | 3 |  3.8
Armour         | 4 |  4.8
Stealth        | 1 |  1.0
Polearms       | 2 4 |  4.5
Fighting       | 4 5 |  5.1
Dodging        | 1 |  1.7
Shields        | |  3.8

Action                   |  1- 3 |  4- 6 |  7- 9 || total
-------------------------+-------+-------+-------++-------
Melee: Long sword        |   112 |    45 |       ||   157
       Scythe            |       |   106 |   177 ||   283
  Use: Potion            |       |     2 |     3 ||     5
       Scroll            |       |       |     2 ||     2
  Eat: Chunk             |     1 |     7 |     2 ||    10
       Ration            |       |       |     1 ||     1
Armor: Scale mail        |    62 |    95 |   218 ||   375
Dodge: Dodged            |    28 |    71 |   197 ||   296
Block: Shield            |    60 |    25 |       ||    85
       Rpst.: Long sword |    10 |     6 |       ||    16
